 Dungeon Crawl Stone Soup version 0.24.1-8-ga250c9d538 (webtiles) character file.

Game seed: 3012683911009046707, levelgen mode: deterministic

27 Doot the Magician (level 2, -1/15 HPs)
             Began as a Deep Elf Wizard on May 7, 2020.
             Slain by an orc (5 damage)
             ... on level 3 of the Dungeon.
             The game lasted 00:01:55 (1212 turns).

Doot the Magician (Deep Elf Wizard)                 Turns: 1212, Time: 00:01:56

Health: -1/15      AC:  2    Str:  7    XL:     2   Next: 93%
Magic:  0/10       EV: 13    Int: 22    God:
Gold:   32         SH:  0    Dex: 13    Spells: 9/12 levels left

rFire    . . .     SeeInvis .   e - -3 dagger (curse)
rCold    . . .     Gourm    .   (no shield)
rNeg     . . .     Faith    .   a - +0 robe
rPois    .         Spirit   .   b - +0 hat
rElec    .         Reflect  .   (no cloak)
rCorr    .         Harm     .   (no gloves)
MR       .....                  (no boots)
Stlth    ++........             g - amulet of inaccuracy (curse)
HPRegen  0.05/turn              h - +3 ring of strength
MPRegen  0.12/turn              (no ring)

@: very slightly contaminated
A: no striking features
a: no special abilities


You were on level 3 of the Dungeon.
You were hungry.

You visited 1 branch of the dungeon, and saw 3 of its levels.

You collected 32 gold pieces.

Inventory:

Hand Weapons
 e - a cursed -3 dagger (weapon)
Armour
 a - a +0 robe (worn)
 b - a +0 hat (worn)
Jewellery
 g - a cursed amulet of inaccuracy (around neck)
 h - a +3 ring of strength (left hand)
Scrolls
 c - 2 scrolls of remove curse {unknown}
 i - 3 scrolls of identify {unknown}
 j - a scroll of blinking {unknown}
Potions
 f - a potion of brilliance {unknown}
 k - 2 potions of haste {unknown}
Comestibles
 d - 3 rations


   Skills:
 + Level 2.6 Dodging
 + Level 2.6 Stealth
 + Level 5.6 Spellcasting
 + Level 1.1 Conjurations
   Level 1.1 Summonings
 + Level 1.1 Translocations


You had 9 spell levels left.
You knew the following spells:

 Your Spells              Type           Power        Failure   Level  Hunger
a - Magic Dart            Conj           ##..         6%          1    None
b - Blink                 Tloc           N/A          9%          2    None

Your spell library contained the following spells:

 Spells                   Type           Power        Failure   Level  Hunger
 Call Imp                 Summ           ##......     9%          2    None
 Slow                     Hex            #.......     14%         2    None
 Conjure Flame            Conj/Fire      #.......     22%         3    ##.....
 Mephitic Cloud           Conj/Pois/Air  #.......     24%         3    ##.....


Dungeon Overview and Level Annotations

Branches:
Dungeon (3/15)

Altars:
Kikubaaqudgha
Uskayaw
Xom


Message History

Press: ? - help, Shift-Dir - straight line, f/p - orc
Aim: an orc, wearing a +0 chain mail (almost dead)
You miscast Magic Dart.
You are very lightly contaminated with residual magic.
Nothing appears to happen.
The orc barely misses you.
You closely miss the orc.
The orc is almost dead.
You closely miss the orc.
The orc is almost dead.
The orc hits you.
* * * LOW HITPOINT WARNING * * *
Casting: Magic Dart (safe; 6% risk of failure)
Confirm with . or Enter, or press ? or * to list all spells.
Aiming: Magic Dart (safe; 6% risk of failure)
Press: ? - help, Shift-Dir - straight line, f/p - orc
Aim: an orc, wearing a +0 chain mail (almost dead)
The magic dart hits the orc but does no damage.
The orc is almost dead.
The orc hits you.
You die...

##########
#.o@.....#
#.######.# #.# #.#
#########†######.#
.............>##.#
######<.........#
#..)........#
#.#.##...#..#
#.#[##...#..#


You could see an orc.

Vanquished Creatures
  2 dart slugs (D:1)
  A leopard gecko (D:2)
  2 goblins (D:1)
  4 hobgoblins (D:1)
  5 kobolds
  3 bats (D:1)
  A frilled lizard (D:1)
  4 rats
22 creatures vanquished.

Notes
Turn   | Place    | Note
-------+----------+-------------------------------------------
     0 | D:1      | Doot the Deep Elf Wizard began the quest for the Orb.
     0 | D:1      | Reached XP level 1. HP: 10/10 MP: 7/7
   274 | D:1      | Reached skill level 5 in Spellcasting
   274 | D:1      | Reached XP level 2. HP: 10/15 MP: 6/10
   362 | D:1      | Learned a level 2 spell: Blink
   878 | D:2      | Found a shimmering altar of Xom.
   895 | D:2      | Found an ancient bone altar of Kikubaaqudgha.
  1041 | D:2      | Found a hide-covered altar of Uskayaw.
  1212 | D:3      | Slain by an orc

Levels and vault maps discovered:
D:1:      minmay_arrival_nine_rooms, layout_rooms
D:2:      layout_loops_corners, nicolae_overflow_quartered_altars,
          nicolae_overflow_hidden_temple, lemuel_coloured_pillars_altar,
          first_ration
D:3:      layout_loops_ring, ebering_ghost_disaster_area, serial_park_tiny_pond,
          moated_statue

Skill      XL: |  1 |
---------------+----+-----
Spellcasting   | 5 |  5.6
Dodging        | |  2.6
Stealth        | |  2.6
Conjurations   | |  1.1
Summonings     | |  1.1
Translocations | |  1.1

Action                   || total
-------------------------++-------
Melee: Dagger            ||     2
 Cast: Magic Dart        ||    62
Armor: Robe              ||     2
Dodge: Dodged            ||    10
